 Dungeon Crawl Stone Soup version 0.21.0-3-g78d12a8 (webtiles) character file.

12428 Gigax the Martial Artist (level 11, -8/67 HPs)
             Began as an Octopode Monk on Jan 14, 2018.
             Was a High Priest of Cheibriados.
             Mangled by a seven-headed hydra (15 damage)
             ... on level 3 of the Lair of Beasts.
             The game lasted 00:26:40 (15252 turns).

Gigax the Martial Artist (Octopode Monk)           Turns: 15252, Time: 00:26:41

Health: -8/67      AC:  3    Str: 24    XL:     11   Next: 93%
Magic:  17/17      EV: 17    Int: 24    God:    Cheibriados [*****.]
Gold:   577        SH: 12    Dex: 26    Spells: 10/10 levels left

rFire    . . .     SeeInvis .   t - +0 scimitar (flame)
rCold    + . .     Gourm    .   k - +0 shield
rNeg     + . .     Faith    .   (helmet restricted)
rPois    .         Spirit   .   (no amulet)
rElec    +         Reflect  .   w - ring of wizardry
rCorr    +         Harm     .   z - ring of resist corrosion
MR       +....                  u - ring "Jadweun" {rElec rN+ MR+ Stlth+}
Stlth    +++++.....             p - ring of ice
HPRegen  0.21/turn              (no ring)
MPRegen  0.15/turn              (no ring)
                                (no ring)
                                (no ring)

@: very slow
A: almost no armour, stealthy swim, amphibious, 8 rings, constrict 8, tentacle
spike 1, iridescent scales 1, camouflage 1, fire resistance 1, gelatinous body 1
a: Bend Time, Temporal Distortion, Slouch, Step From Time, Renounce Religion


You were on level 3 of the Lair of Beasts.
You worshipped Cheibriados.
Cheibriados was extremely pleased with you.
You were very hungry.

You visited 3 branches of the dungeon, and saw 13 of its levels.
You also visited: Ossuary.

You collected 577 gold pieces.

Inventory:

Hand Weapons
 t - a +0 scimitar of flaming (weapon)
Armour
 k - a +0 shield (worn)
Jewellery
 p - a ring of ice (on tentacle)
 u - the ring "Jadweun" (on tentacle) {rElec rN+ MR+ Stlth+}
   (You acquired it on level 7 of the Dungeon)

   [ring of protection from magic]

   It insulates you from electricity.
   It protects you from negative energy.
   It affects your resistance to hostile enchantments.
   It makes you more stealthy.
 w - a ring of wizardry (left tentacle)
 z - a ring of resist corrosion (right tentacle)
Wands
 y - a wand of acid (7)
Scrolls
 d - 10 scrolls of remove curse
 j - 4 scrolls of teleportation
 m - 4 scrolls of enchant weapon
 o - a scroll of enchant armour
 q - a scroll of magic mapping
 r - 2 scrolls of blinking
 v - 3 scrolls of fear
 x - 6 scrolls of identify
Potions
 c - a potion of ambrosia
 f - 8 potions of curing
 g - a potion of resistance
 h - a potion of heal wounds
 i - 4 potions of brilliance
 l - 4 potions of flight
 n - a potion of magic
 s - a potion of might
 A - a potion of mutation
Books
 b - a book of Minor Magic

   Spells                             Type                      Level
   a - Magic Dart                     Conjuration                  1
   b - Blink                          Translocation                2
   c - Call Imp                       Summoning                    2
   d - Slow                           Hexes                        2
   e - Conjure Flame                  Conjuration/Fire             3
   f - Mephitic Cloud                 Conjuration/Poison/Air       3
Comestibles
 a - 18 rations


   Skills:
 - Level 3.0 Fighting
 - Level 6.4 Dodging
 - Level 2.6 Stealth
 + Level 5.4 Shields
 * Level 14.6 Unarmed Combat
 + Level 8.6 Invocations


You had 10 spell levels left.
You didn't know any spells.

Dungeon Overview and Level Annotations

Branches:
Dungeon (9/15)             Temple (1/1) D:4            Lair (3/6) D:8
  Snake (0/4) Lair:2
  Swamp: Lair:2-4    Shoals: Lair:2-4       Orc: D:9-12

Altars:
Ashenzari
Cheibriados
Dithmenos
Fedhas
Gozag
Hepliaklqana
Kikubaaqudgha
Makhleb
Nemelex Xobeh
Okawaru
Qazlal
Trog
Uskayaw
Vehumet
Wu Jian
Xom
Yredelemnul
The Shining One

Shops:
D:8 %


Innate Abilities, Weirdness & Mutations

You cannot wear most types of armour.
You are very stealthy in the water. (Stealth+)
You are amphibious.
You can wear up to eight rings at the same time.
You can use your tentacles to constrict eight enemies at once.
Your skin changes colour to match your surroundings (Stealth+).
Your rubbery body absorbs attacks. (AC +1, EV +1)
One of your tentacles bears a spike.
You are partially covered in iridescent scales. (AC +2)
Your flesh is heat resistant. (rF+)


Message History

Your +0 scimitar of flaming bursts into flame!
t - a +0 scimitar of flaming (weapon)
A basilisk comes into view.
Your shield prevents you from hitting the seven-headed hydra.
You pierce the seven-headed hydra.
The seven-headed hydra is lightly wounded.
You block the seven-headed hydra's attack.
The seven-headed hydra closely misses you.
The seven-headed hydra bites you!
The seven-headed hydra barely misses you.
The seven-headed hydra misses you. The seven-headed hydra bites you!
The seven-headed hydra bites you!!
You block the seven-headed hydra's attack.
The seven-headed hydra bites you.
* * * LOW HITPOINT WARNING * * *
The seven-headed hydra bites you!
* * * LOW HITPOINT WARNING * * *
You block the seven-headed hydra's attack.
The seven-headed hydra bites you!
You die...

##.###. ## .. . ##
#..##. #. #!##...##
###..#..
##..#...#...####.#.##..
#....$......#<.....###.
##........#..####.P###..
#...#?♣.♣..#..######.#..
#......D.......######...
.l.....@...#............
...#.......#...#.#...###
....#.♣.♣.##......#.## P
##...(....#...#..######P
...........#.#...P.P##
##..#.........#........
#...#...#..#...########
###.......###.P#
.......##..?##


You could see a seven-headed hydra and a basilisk.

Vanquished Creatures
  Harold (Lair:2)
  Erica (D:9)
  A two-headed ogre (D:8)
  Sonja (Lair:2)
  Maurice (D:9)
  A black mamba (Lair:1)
  A rime drake (Lair:3)
  A spiny frog (Lair:2)
  A troll (D:9)
  Prince Ribbit (D:8)
  4 hippogriffs
  Sigmund (D:3)
  5 yaks (Lair:2)
  A hungry ghost (D:9)
  Grum (D:9)
  The ghost of komo4ek the Chucker, an amateur HuHu (D:4)
  7 water moccasins
  4 porcupines
  2 orc warriors (D:8)
  A necrophage (D:8)
  A sky beast (D:7)
  5 ogres
  3 phantoms
  10 wolves
  A centaur (D:5)
  4 crocodiles
  Blork the orc (D:5)
  A big kobold (D:7)
  5 bullfrogs
  A wyvern zombie (D:9)
  9 scorpions
  5 howler monkeys (D:8)
  2 wights (D:8)
  A bullfrog zombie (D:8)
  6 crimson imps
  3 centaur zombies
  2 centaur skeletons
  11 hounds
  3 human zombies (Ossuary)
  3 jellies
  6 orc wizards
  5 orc priests
  2 iguanas (D:7)
  Terence (D:3)
  5 worker ants
  2 big kobold zombies (Ossuary)
  2 hound zombies
  A hound skeleton (D:3)
  A howler monkey zombie (D:7)
  2 mummies (Ossuary)
  7 gnolls
  10 adders
  2 scorpion zombies (Ossuary)
  2 shadow imps
  2 oozes
  4 worms (D:2)
  A dart slug (D:3)
  6 leopard geckos
  26 orcs
  4 giant cockroaches
  A gnoll zombie (Ossuary)
  7 hobgoblins
  11 jackals
  6 kobolds
  4 quokkas
  A ball python (D:7)
  2 bats
  3 frilled lizards
  8 goblins
  A goblin zombie (Ossuary)
  An orc zombie (Ossuary)
  A quokka skeleton (D:8)
  9 rats
260 creatures vanquished.

Vanquished Creatures (others)
  3 scorpions (Ossuary)
  A centaur zombie (Ossuary)
  A mummy (Ossuary)
  An orc zombie (Ossuary)
6 creatures vanquished.

Grand Total: 266 creatures vanquished

Notes
Turn   | Place    | Note
-------+----------+-------------------------------------------
     0 | D:1      | Gigax the Octopode Monk began the quest for the Orb.
     0 | D:1      | Reached XP level 1. HP: 16/16 MP: 1/1
   387 | D:1      | Reached XP level 2. HP: 16/21 MP: 2/2
   732 | D:1      | Reached skill level 4 in Unarmed Combat
   902 | D:2      | Reached XP level 3. HP: 26/26 MP: 3/3
  1158 | D:2      | Noticed a moth of wrath
  1161 | D:2      | Found a bloodstained altar of Trog.
  2152 | D:3      | Reached XP level 4. HP: 30/31 MP: 4/4
  2509 | D:3      | Reached skill level 5 in Unarmed Combat
  2591 | D:3      | Noticed Terence
  2605 | D:3      | Killed Terence
  2787 | D:3      | Reached XP level 5. HP: 36/36 MP: 5/5
  2910 | D:3      | Noticed Sigmund
  2933 | D:3      | Killed Sigmund
  2933 | D:3      | Reached skill level 6 in Unarmed Combat
  2933 | D:3      | Reached XP level 6. HP: 32/42 MP: 6/6
  3099 | D:3      | Reached skill level 7 in Unarmed Combat
  3235 | D:4      | Found a sand-covered staircase.
  3239 | Ossuary  | Entered an ossuary
  3504 | Ossuary  | Reached XP level 7. HP: 36/46 MP: 7/7
  3826 | Ossuary  | Reached skill level 8 in Unarmed Combat
  4353 | Ossuary  | Reached skill level 9 in Unarmed Combat
  4909 | Ossuary  | Reached XP level 8. HP: 41/52 MP: 8/8
  5364 | D:4      | Found a shattered altar of Ashenzari.
  5734 | D:4      | Found a staircase to the Ecumenical Temple.
  5746 | D:4      | Reached skill level 10 in Unarmed Combat
  5750 | Temple   | Entered the Ecumenical Temple
  5762 | Temple   | Became a worshipper of Cheibriados the Contemplative
  5762 | Temple   | Reached * piety under Cheibriados
  5762 | Temple   | Reached ** piety under Cheibriados
  5844 | D:4      | Noticed komo4ek's ghost (amateur HuHu)
  5852 | D:4      | Killed komo4ek's ghost
  6248 | D:5      | Entered Level 5 of the Dungeon
  7048 | D:5      | Reached skill level 1 in Invocations
  7162 | D:5      | Got a warped dagger
  7502 | D:5      | Reached XP level 9. HP: 52/56 MP: 10/10
  7558 | D:5      | Noticed Blork the orc
  7564 | D:5      | Killed Blork the orc
  7564 | D:5      | Reached skill level 11 in Unarmed Combat
  8268 | D:6      | Reached *** piety under Cheibriados
  8419 | D:6      | Found a shadowy altar of Dithmenos.
  9079 | D:6      | Reached skill level 5 in Dodging
  9602 | D:7      | Reached **** piety under Cheibriados
 10144 | D:7      | Reached skill level 12 in Unarmed Combat
 10297 | D:7      | Identified a scroll of acquirement
 10298 | D:7      | Got a glittering turquoise ring
 10299 | D:7      | Identified the ring "Jadweun" {rElec rN+ MR+ Stlth+} (You acquired it on level 7 of the Dungeon)
 10324 | D:8      | Noticed Prince Ribbit
 10330 | D:8      | Noticed a two-headed ogre
 10330 | D:8      | Killed Prince Ribbit
 10330 | D:8      | Reached skill level 5 in Invocations
 10330 | D:8      | Reached XP level 10. HP: 48/63 MP: 13/13
 10338 | D:8      | Killed a two-headed ogre
 10529 | D:8      | Gained mutation: Your spells are a little harder to cast, but a little more powerful. [potion of mutation]
 10529 | D:8      | Gained mutation: One of your tentacles bears a spike. [potion of mutation]
 10657 | D:8      | Found Etogrom's Food Shoppe.
 10693 | D:8      | Reached ***** piety under Cheibriados
 10715 | D:8      | Identified the +9 dagger of Doryzusm {vamp, rElec rC- MR- Dex+9} (You found it on level 5 of the Dungeon)
 11064 | D:8      | Found an opulent altar of Gozag.
 11101 | D:8      | Found a staircase to the Lair.
 11161 | D:8      | Found a blossoming altar of Fedhas.
 11675 | D:9      | Noticed Erica
 11684 | D:9      | Noticed Maurice
 11691 | D:9      | Killed Erica
 11691 | D:9      | Reached skill level 1 in Shields
 11691 | D:9      | Reached skill level 13 in Unarmed Combat
 11726 | D:9      | Killed Maurice
 11815 | D:9      | Noticed Grum
 11962 | D:9      | Reached XP level 11. HP: 49/67 MP: 16/16
 11966 | D:9      | Killed Grum
 12479 | D:9      | Found an ornate altar of the Wu Jian Council.
 12479 | D:9      | Found a hide-covered altar of Uskayaw.
 12480 | D:9      | Found a burning altar of Makhleb.
 12529 | Lair:1   | Entered Level 1 of the Lair of Beasts
 12979 | Lair:1   | Lost mutation: One of your tentacles bears a spike. [potion of mutation]
 12979 | Lair:1   | Lost mutation: Your spells are a little harder to cast, but a little more powerful. [potion of mutation]
 12979 | Lair:1   | Gained mutation: Your flesh is heat resistant. (rF+) [potion of mutation]
 12979 | Lair:1   | Gained mutation: You are partially covered in iridescent scales. (AC +2) [potion of mutation]
 12979 | Lair:1   | Gained mutation: One of your tentacles bears a spike. [potion of mutation]
 13108 | Lair:2   | Found a staircase to the Snake Pit.
 13705 | Lair:2   | Reached skill level 14 in Unarmed Combat
 14163 | Lair:2   | Found a snail-covered altar of Cheibriados.
 14191 | Lair:2   | Noticed Harold
 14213 | Lair:2   | Killed Harold
 14257 | Lair:2   | Noticed Sonja
 14351 | Lair:2   | Reached skill level 5 in Shields
 14832 | Lair:2   | Killed Sonja
 15240 | Lair:3   | Noticed a seven-headed hydra
 15252 | Lair:3   | Mangled by a seven-headed hydra

Skill      XL: |  1  2  3  4  5  6  7  8  9 10 11 |
---------------+----------------------------------+-----
Unarmed Combat | 4 5 6 7 9 10 12 13 14 | 14.6
Invocations    | 2 5 6 8 |  8.6
Dodging        | 5 6 |  6.4
Shields        | 2 5 |  5.4
Fighting       | |  3.0
Stealth        | |  2.6

Action                   |  1- 3 |  4- 6 |  7- 9 | 10-12 || total
-------------------------+-------+-------+-------+-------++-------
Melee: Unarmed           |    79 |    70 |   291 |   195 ||   635
       Tentacles         |    21 |    11 |    65 |    75 ||   172
       Constrict         |    20 |    16 |    64 |    48 ||   148
       Punch             |     1 |     1 |    38 |    37 ||    77
       Kick              |       |       |       |   104 ||   104
       Scimitar          |       |       |       |     1 ||     1
Invok: Slouch            |       |       |       |     3 ||     3
Evoke: Wand              |       |    10 |    16 |    11 ||    37
  Use: Scroll            |     2 |     9 |    13 |     4 ||    28
       Potion            |       |     1 |     2 |     5 ||     8
 Stab: Sleeping          |    11 |     3 |    18 |     7 ||    39
       Distracted        |       |       |     2 |     1 ||     3
  Eat: Chunk             |     4 |     3 |     7 |     7 ||    21
       Ration            |       |       |     2 |       ||     2
Armor: Skin              |     5 |       |    11 |    17 ||    33
Dodge: Dodged            |    35 |    37 |   144 |   154 ||   370
Block: Shield            |       |       |       |     9 ||     9
